 Dungeon Crawl Stone Soup version 0.28.0-53-g5a82cb258f (webtiles) character file.

Game seed: 3172207075286045327

8260 raph the Impaler (level 11, -14/84 HPs)
             Began as a Merfolk Gladiator on June 30, 2022.
             Was an Elder of Okawaru.
             Killed from afar by a gargoyle (19 damage)
             ... with a stone arrow
             ... on level 10 of the Dungeon.
             The game lasted 00:21:26 (15629 turns).

raph the Impaler (Merfolk Gladiator)               Turns: 15629, Time: 00:21:27

Health: -14/84     AC:  6    Str: 15    XL:     11   Next: 28%
Magic:  14/14      EV: 32    Int: 14    God:    Okawaru [****..]
Gold:   16         SH:  0    Dex: 19    Spells: 10/10 levels left

rFire   . . .      SeeInvis .   a - +0 glaive
rCold   . . .      Faith    .   (shield currently unavailable)
rNeg    + . .      Spirit   .   v - +0 leather armour "Joel" {Int+6}
rPois   +          Reflect  .   k - +0 helmet
rElec   .          Harm     .   (no cloak)
rCorr   .          Rampage  .   j - +0 pair of gloves
Will    .....                   u - +0 pair of boots
Stlth   ++++......              z - amulet of Rokerig {Acrobat rPois}
HPRegen 0.24/turn               d - ring of positive energy
MPRegen 0.14/turn               t - ring of wizardry

@: acrobatic
A: (nimble swimmer 2), mertail
a: Renounce Religion, Heroism, Finesse


You were on level 10 of the Dungeon.
You worshipped Okawaru.
Okawaru was greatly pleased with you.
You visited 2 branches of the dungeon, and saw 11 of its levels.
You also visited: Sewer.

You collected 426 gold pieces.
You spent 410 gold pieces at shops.

Inventory:

Hand Weapons
 a - a +0 glaive (weapon)
 b - the +4 spear of Meager Subterfuge {speed, rElec Str-5 Int+5 SInv}
   (You found it on level 7 of the Dungeon)

   Attacks with this weapon are significantly faster.
   Str:       It affects your strength (-5).
   Int:       It affects your intelligence (+5).
   rElec:     It insulates you from electricity.
   SInv:      It lets you see invisible.
 c - a +0 halberd
 r - a +0 trident
Missiles
 y - 19 poisoned darts (quivered)
 D - 3 silver javelins
Armour
 j - a +0 pair of gloves (worn)
 k - a +0 helmet (worn)
 u - a +0 pair of boots (worn)
 v - the +0 leather armour "Joel" (worn) {Int+6}
   (You took it off an orc wizard on level 7 of the Dungeon)

   Int:       It affects your intelligence (+6).
 x - a +0 leather armour
Jewellery
 d - a ring of positive energy (left hand)
 t - a ring of wizardry (right hand)
 z - the amulet of Rokerig (around neck) {Acrobat rPois}
   (You found it on level 8 of the Dungeon)

   [amulet of the acrobat]

   It increases your evasion while moving and waiting.
   rPois:     It protects you from poison.
 C - an amulet of reflection
Wands
 h - a wand of paralysis (1)
Scrolls
 n - 9 scrolls of teleportation
 w - 3 scrolls of amnesia
 B - a scroll of blinking
Potions
 e - a potion of cancellation
 f - a potion of magic
 g - a potion of lignification
 l - 3 potions of haste
 m - a potion of degeneration {unknown}
 o - a potion of resistance {unknown}
 p - a potion of invisibility {unknown}
 q - 6 potions of heal wounds
 s - 2 potions of mutation
 A - a potion of flight {unknown}


   Skills:
 + Level 7.1 Fighting
 * Level 16.2 Polearms
 + Level 6.4 Throwing
 + Level 9.0 Dodging
 + Level 7.2 Stealth
 + Level 4.2 Invocations


You had 10 spell levels left.
You didn't know any spells.
Your spell library contained the following spells:

 Spells                   Type           Power      Damage    Failure   Level
 Static Discharge         Conj/Air       0%         N/A       21%         2
 Inner Flame              Hex/Fire       0%         N/A       38%         3
 Cause Fear               Hex            0%         N/A       77%         4
 Lightning Bolt           Conj/Air       0%         1d11      98%         5
 Discord                  Hex            0%         N/A       100%        8
 Maxwell's Capacitive Co  Air            0%         ∞         100%        8
 Summon Small Mammal      Summ           Unusable   N/A       N/A         1
 Call Canine Familiar     Summ           Unusable   N/A       N/A         3
 Summon Guardian Golem    Hex/Summ       Unusable   N/A       N/A         3

Dungeon Overview and Level Annotations

Branches:
Dungeon (10/15)            Temple (1/1) D:6             Orc (0/2) D:10
  Sewer (visited)
   Lair: D:8-11

Altars:
Ashenzari
Cheibriados
Dithmenos
Elyvilon
Fedhas
Gozag
Hepliaklqana
Kikubaaqudgha
Makhleb
Nemelex Xobeh
Okawaru
Qazlal
Ru
Sif Muna
Trog
Uskayaw
Vehumet
Wu Jian
Xom
Yredelemnul
Zin
The Shining One

Shops:
D:3 =   D:4 [:(!   D:9 *   D:10 *

Annotations:
D:5 1 runed translucent door, diceflayer's ghost, novice NaFi


Innate Abilities, Weirdness & Mutations

((You are very nimble when in or above water. (Stealth+, EV+, Speed+++)))
Your lower body shifts to a powerful aquatic tail in water.


Message History

Okawaru accepts your kill.
You can now speed up your combat.
No target in view!
No target in view!
No target in view!
No target in view!
No target in view!
No target in view!
There is an open door here.
Things that are here:
a +0 flail; a +0 leather armour
There is an open door here.
You open the door.
A gargoyle comes into view. It is wielding a +0 dire flail.
Found 9 gold pieces.
You slash the gargoyle!
The gargoyle is moderately damaged.
The gargoyle hurls a stone arrow at you.
The stone arrow hits you!
You hit the gargoyle.
The gargoyle is heavily damaged.
The gargoyle hurls a stone arrow at you.
The stone arrow hits you!!
You hit the gargoyle.
The gargoyle is heavily damaged.
The gargoyle hits you with a +0 dire flail!
You are too injured to fight recklessly!
You are too injured to fight recklessly!
You are too injured to fight recklessly!
You are too injured to fight recklessly!
You are too injured to fight recklessly!
You are too injured to fight recklessly!
You are too injured to fight recklessly!
You completely miss the gargoyle.
The gargoyle is heavily damaged.
The gargoyle hurls a stone arrow at you.
The stone arrow hits you!!
* * * LOW HITPOINT WARNING * * *
The gargoyle hurls a stone arrow at you.
The stone arrow hits you!!
You die...

#.# #.......# #..#
#..# #.#
#.......####..# #..#
#.# #.............#
#..# #.#
#.............# #..#
#.# #.....#######..
#..# #.#
#...###)###.### #..#
#.#####...#$##'.)##
###
#........###9.....+#
...
#.#####..#8#@......#
.. #.#
#............+ ###
#.# #........8....#
#.# #............+#
#.# #..#8#.......#
#.# #..###+.....+#
#.# #... ##+.+##
#... ## #...


You could see a gargoyle.

Vanquished Creatures
  Gastronok (D:9)
  A two-headed ogre (D:9)
  Pikel (D:4)
  2 gargoyles (D:10)
  A kobold demonologist (D:9)
  Eustachio (D:5)
  2 wyverns
  A steam dragon (D:5)
  5 vampire mosquitoes
  2 sky beasts
  2 water moccasins
  3 orc warriors
  An ice beast (D:5)
  A black bear (D:4)
  5 centaurs
  3 ogres
  5 kobold brigands
  A phantom (D:5)
  A bullfrog (D:6)
  2 scorpions
  3 gnoll sergeants
  A water moccasin zombie (D:6)
  3 killer bees
  6 wights (D:9)
  An electric eel (D:9)
  5 centaur zombies
  A bullfrog zombie (D:5)
  A hound (D:6)
  A gnoll shaman (D:4)
  5 orc priests
  4 jellies
  Jessica (D:2)
  4 iguanas
  9 orc wizards
  A hound skeleton (D:4)
  A howler monkey zombie (D:8)
  15 gnolls
  6 adders
  2 white imps
  An ufetubus (D:5)
  5 worms
  6 dart slugs
  20 orcs
  3 ball pythons
  5 bats
  18 endoplasms
  4 giant cockroaches
  4 hobgoblins
  4 jackals (D:1)
  2 quokkas
  4 frilled lizards
  8 goblins
  26 kobolds
  8 rats
229 creatures vanquished.

Vanquished Creatures (others)
  A plant (D:5)
1 creature vanquished.

Grand Total: 230 creatures vanquished

Notes
Turn   | Place    | Note
-------+----------+-------------------------------------------
     0 | D:1      | raph the Merfolk Gladiator began the quest for the Orb.
     0 | D:1      | Reached XP level 1. HP: 16/16 MP: 1/1
    79 | D:1      | Reached skill level 5 in Polearms
    79 | D:1      | Reached XP level 2. HP: 19/22 MP: 2/2
   335 | D:1      | Reached skill level 6 in Polearms
   335 | D:1      | Reached XP level 3. HP: 18/27 MP: 3/3
  1478 | D:2      | Noticed Jessica
  1490 | D:2      | Killed Jessica
  1491 | D:2      | Reached skill level 7 in Polearms
  1491 | D:2      | Reached XP level 4. HP: 22/33 MP: 4/4
  1761 | D:2      | Found a faded altar of an unknown god.
  2569 | D:3      | Found Xuuganef's Jewellery Emporium.
  2876 | D:4      | Found Niekh's Antique Armour Shoppe.
  2885 | D:4      | Noticed a black bear
  2896 | D:4      | Killed a black bear
  2897 | D:4      | Reached skill level 9 in Polearms
  2897 | D:4      | Reached XP level 5. HP: 28/38 MP: 5/5
  3265 | D:4      | Reached XP level 6. HP: 44/44 MP: 6/6
  3300 | D:4      | Found a glowing drain.
  3304 | Sewer    | Entered a sewer
  3666 | Sewer    | Reached skill level 10 in Polearms
  3990 | Sewer    | Found a viscous altar of Jiyva.
  4185 | D:4      | Noticed Pikel
  4224 | D:4      | Killed Pikel
  4225 | D:4      | Reached skill level 13 in Polearms
  4225 | D:4      | Reached XP level 7. HP: 19/50 MP: 7/7
  4225 | D:4      | Reached XP level 8. HP: 21/56 MP: 8/8
  4435 | D:4      | Found Ykhann's Book Boutique.
  4719 | D:4      | Found Apuiq's Distillery.
  4729 | D:4      | Bought a potion of heal wounds for 50 gold pieces
  4729 | D:4      | Bought a potion of curing for 30 gold pieces
  4813 | D:4      | Found Zazes's Antique Weapon Emporium.
  4986 | D:5      | Entered Level 5 of the Dungeon
  5004 | D:5      | Reached skill level 1 in Stealth
  5719 | D:5      | Reached skill level 5 in Dodging
  5813 | D:5      | Noticed Eustachio
  5855 | D:5      | Killed Eustachio
  6221 | D:5      | Reached XP level 9. HP: 52/65 MP: 9/9
  6221 | D:5      | Found a runed translucent door.
  6649 | D:5      | Noticed diceflayer's ghost (novice NaFi)
  7089 | D:6      | Reached skill level 14 in Polearms
  7154 | D:6      | Found a staircase to the Ecumenical Temple.
  7164 | Temple   | Entered the Ecumenical Temple
  7187 | Temple   | Became a worshipper of Warmaster Okawaru
  7759 | D:6      | Found an opulent altar of Gozag.
  8458 | D:6      | Found a sparkling altar of Nemelex Xobeh.
  8458 | D:6      | Found a hide-covered altar of Uskayaw.
  9006 | D:7      | Reached skill level 5 in Fighting
  9101 | D:7      | Identified the +0 leather armour "Joel" {Int+6}
  9108 | D:7      | Reached * piety under Okawaru
  9276 | D:7      | Reached skill level 5 in Stealth
 10032 | D:7      | Identified the +4 spear of Meager Subterfuge {speed, rElec
                  | Str-5 Int+5 SInv}
 10357 | D:7      | Reached skill level 5 in Throwing
 10901 | D:8      | Reached XP level 10. HP: 31/75 MP: 10/10
 11195 | D:8      | Found a glowing golden altar of the Shining One.
 11207 | D:8      | Reached skill level 1 in Invocations
 11311 | D:8      | Identified the amulet of Rokerig {Acrobat rPois}
 11713 | D:8      | Found a basalt altar of Yredelemnul.
 11868 | D:8      | Noticed an angel
 12345 | D:9      | Found a shadowy altar of Dithmenos.
 12488 | D:9      | Reached skill level 15 in Polearms
 12769 | D:9      | Noticed a kobold demonologist
 12773 | D:9      | Killed a kobold demonologist
 12773 | D:9      | Reached ** piety under Okawaru
 12907 | D:9      | Found Gomain's Lightly-Used Armoury.
 12918 | D:9      | Noticed a two-headed ogre
 13547 | D:9      | Killed a two-headed ogre
 14343 | D:10     | Entered Level 10 of the Dungeon
 14482 | D:3      | Bought an amulet of reflection for 330 gold pieces
 14754 | D:9      | Noticed Gastronok
 14772 | D:9      | Killed Gastronok
 14772 | D:9      | Reached *** piety under Okawaru
 14772 | D:9      | Received a gift from Okawaru
 14773 | D:9      | Reached skill level 16 in Polearms
 14773 | D:9      | Reached XP level 11. HP: 57/83 MP: 11/13
 14903 | D:10     | Found a shimmering blue altar of Sif Muna.
 14903 | D:10     | Found a radiant altar of Vehumet.
 14905 | D:10     | Found a shimmering altar of Xom.
 15533 | D:10     | Found a staircase to the Orcish Mines.
 15549 | D:10     | Found Zin's Purification Station.
 15549 | D:10     | Found a glowing silver altar of Zin.
 15619 | D:10     | Reached **** piety under Okawaru
 15629 | D:10     | Killed from afar by a gargoyle

Illustrated notes

Levels and vault maps discovered:
D:1:      erik_arrival_orb_chamber, layout_loops_ring,
          hangedman_abyss_or_decor_lesser_grid, minmay_bisected
D:2:      layout_rooms, hellmonk_ecumenical_altar_prayer_group, uniq_jessica
D:3:      layout_loops_ring, serial_shops, nicolae_lakefront_shop
D:4:      layout_loops_ring, serial_shops, nicolae_shop_window_shopping,
          nicolae_take_the_stairs, nicolae_shop_stone,
          nicolae_shop_overgrown_old_shop, gup_sewer_entry_spiral, uniq_pikel
D:5:      layout_rooms, ebering_ghost_sewer_d, serial_bayou_ford_a,
          uniq_eustachio
D:6:      layout_loops_corners, grunt_gozag_statues,
          gammafunk_temple_overflow_wave, minmay_temple_entry_trees
D:7:      layout_cave_pods, enter_bailey_2, grunt_ministairs_13,
          corexii_corridor_pit
D:8:      layout_loops_cross, grunt_temple_overflow_holy_war
D:9:      layout_roguey, nicolae_dithmenos_through_a_glass_darkly,
          minmay_shop_damaged, fountainhead, uniq_gastronok
D:10:     cheibrodos_statue_roulette, layout_long_grid,
          chequers_temple_overflow_statue_of_worship, zin_purify, orc_0_dummy,
          uniq_josephine
Temple:   chequers_temple_sunken

Skill      XL: |  1  2  3  4  5  6  7  8  9 10 11 |
---------------+----------------------------------+-----
Polearms       | 5 6 7 9 13 14 16 | 16.2
Stealth        | 3 5 7 |  7.2
Fighting       | 3 5 6 7 |  7.1
Throwing       | 3 5 6 |  6.4
Dodging        | 5 7 8 9 |  9.0
Invocations    | 3 4 |  4.2

Action                   |  1- 3 |  4- 6 |  7- 9 | 10-12 || total
-------------------------+-------+-------+-------+-------++-------
Melee: Trident           |   123 |   154 |    83 |       ||   360
       Punch             |     2 |     2 |     1 |       ||     5
       Tailslap          |       |     1 |       |       ||     1
       Halberd           |       |       |   280 |    10 ||   290
       Glaive            |       |       |       |   202 ||   202
       Spear             |       |       |       |     2 ||     2
Throw: Throwing net      |     1 |     3 |       |       ||     4
       Boomerang         |       |    17 |    44 |    32 ||    93
       Dart              |       |       |     2 |     2 ||     4
Invok: Heroism           |       |       |     1 |     4 ||     5
Evoke: Wand              |       |     1 |       |       ||     1
  Use: Scroll            |     3 |     4 |     5 |     1 ||    13
       Potion            |       |       |     2 |       ||     2
 Stab: Sleeping          |     2 |     7 |     5 |     8 ||    22
       Held in net/web   |       |     1 |       |       ||     1
       Distracted        |       |       |     1 |     1 ||     2
Armor: Leather armour    |    32 |    12 |    79 |    40 ||   163
Dodge: Dodged            |    56 |    38 |   228 |   154 ||   476
